BSA
SPRINGFIELD STARS @ SO CAL BRUINS
11/07/2028
 
TOP OF THE 1ST
Springfield Stars batting - Pitching for So Cal Bruins : RHP Juan González
Pitching: RHP Juan González
Batting: LHB Jesús Tobías 0-0: Ball
1-0: SINGLE (Groundball, 4MD)
Batting: RHB Norberto Taváres 0-0: Ball
1-0: Called Strike
1-1: Called Strike
1-2: Ball
2-2: Foul Ball, location: 2F
2-2: Foul Ball, location: 2F
2-2: Ball
3-2: Base on Balls
Jesús Tobías to second
Batting: LHB Derek Davidson 0-0: Fly out, F8 (Flyball, 8RXD)
Runner from 2nd tags up, SAFE at 3rd, no throw
Batting: LHB Felipe Guerrero 0-0: Called Strike
0-1: Ball
1-1: Swinging Strike
1-2: SINGLE (Groundball, 6D)
Jesús Tobías scores
Norberto Taváres to second
Batting: LHB Elliott Newell 0-0: Ball
Norberto Taváres steals 3rd base
Felipe Guerrero to second
1-0: Called Strike
1-1: Ball
2-1: Foul Ball, location: 2F
2-2: Fly out, F8 (Flyball, 78D)
Runner from 3rd tags up, SCORES, no throw
Batting: SHB Shane Hutchinson 0-0: SINGLE (Line Drive, 9LS)
Felipe Guerrero to third
Runner from 3rd tries for Home, throw and OUT!
Top of the 1st over - 2 run(s), 3 hit(s), 0 error(s), 1 left on base; Springfield 2 - So Cal 0
BOTTOM OF THE 1ST
So Cal Bruins batting - Pitching for Springfield Stars : RHP Claudio Martínez
Pitching: RHP Claudio Martínez
Batting: LHB Jesús Campos 0-0: Foul Ball, location: 2F
0-1: Ball
1-1: Foul Ball, location: 2F
1-2: Ground out 4-3 (Groundball, 34)
Batting: RHB Lawrence Schroeder 0-0: Called Strike
0-1: Fly out, F5 (Line Drive, 5S)
Batting: RHB Earl Wiggins 0-0: Foul Ball, location: 2F
0-1: Ball
1-1: SOLO HOME RUN (Flyball, 7D), Distance : 372 ft
Batting: RHB Rubén Calderón 0-0: Fly out, F8 (Flyball, 78M)
Bottom of the 1st over - 1 run(s), 1 hit(s), 0 error(s), 0 left on base; Springfield 2 - So Cal 1
TOP OF THE 2ND
Springfield Stars batting - Pitching for So Cal Bruins : RHP Juan González
Batting: RHB Calvin Bennett 0-0: Called Strike
0-1: Swinging Strike
0-2: Strikes out looking
Batting: LHB Ryan Drake 0-0: Ball
1-0: Foul Ball, location: 2F
1-1: Called Strike
1-2: Fly out, F9 (Flyball, 9)
Batting: RHB Will Sterling 0-0: Ball
1-0: Ball
2-0: Called Strike
2-1: Ground out 5-3 (Groundball, 5)
Top of the 2nd over - 0 run(s), 0 hit(s), 0 error(s), 0 left on base; Springfield 2 - So Cal 1
BOTTOM OF THE 2ND
So Cal Bruins batting - Pitching for Springfield Stars : RHP Claudio Martínez
Batting: LHB Kiyonaga Morita 0-0: Ball
1-0: Called Strike
1-1: Called Strike
1-2: Fly out, F8 (Flyball, 8LS)
Batting: LHB Jeff Carter 0-0: Ball
1-0: Foul Ball, location: 2F
1-1: Ball
2-1: Fly out, F7 (Flyball, 78M)
Batting: LHB César Valentín 0-0: Ball
1-0: Ball
2-0: Fly out, F5 (Line Drive, 56S)
Bottom of the 2nd over - 0 run(s), 0 hit(s), 0 error(s), 0 left on base; Springfield 2 - So Cal 1
TOP OF THE 3RD
Springfield Stars batting - Pitching for So Cal Bruins : RHP Juan González
Batting: LHB Jesús Tobías 0-0: Swinging Strike
0-1: Ball
1-1: Ground out 3-1 (Groundball, 34)
Batting: RHB Norberto Taváres 0-0: Called Strike
0-1: SINGLE (Groundball, 34D)
Batting: LHB Derek Davidson 0-0: Ball
1-0: Ball
2-0: Called Strike
2-1: Swinging Strike
2-2: Ball
3-2: Strikes out swinging
Batting: LHB Felipe Guerrero 0-0: Ball
1-0: Ball
2-0: SINGLE (Flyball, 78S)
Norberto Taváres to second
Batting: LHB Elliott Newell 0-0: Called Strike
0-1: Foul Ball, location: 2F
0-2: Ball
1-2: Ball
2-2: Ball
3-2: Ground out 3-1 (Groundball, 34)
Top of the 3rd over - 0 run(s), 2 hit(s), 0 error(s), 2 left on base; Springfield 2 - So Cal 1
BOTTOM OF THE 3RD
So Cal Bruins batting - Pitching for Springfield Stars : RHP Claudio Martínez
Batting: RHB Eugene Gill 0-0: Swinging Strike
0-1: Called Strike
0-2: Ball
1-2: Strikes out swinging
Batting: LHB Phil Smith 0-0: Ball
1-0: Swinging Strike
1-1: Called Strike
1-2: Ball
2-2: Strikes out looking
Batting: LHB Jesús Campos 0-0: Ball
1-0: Ball
2-0: Swinging Strike
2-1: Fly out, F2 (Popup, 15)
Bottom of the 3rd over - 0 run(s), 0 hit(s), 0 error(s), 0 left on base; Springfield 2 - So Cal 1
TOP OF THE 4TH
Springfield Stars batting - Pitching for So Cal Bruins : RHP Juan González
Batting: SHB Shane Hutchinson 0-0: Ball
1-0: Foul Ball, location: 2F
1-1: Swinging Strike
1-2: Ball
2-2: Ball
3-2: Strikes out looking
Batting: RHB Calvin Bennett 0-0: Called Strike
0-1: DOUBLE (Line Drive, 7LD)
Batting: LHB Ryan Drake 0-0: Ball
1-0: Called Strike
1-1: Ball
2-1: Ball
3-1: SINGLE (Line Drive, 8RS)
Calvin Bennett to third
Throwing error, E8
Calvin Bennett scores
Ryan Drake to second
Batting: RHB Will Sterling 0-0: Ground out 1-3 (Groundball, 15S)
Batting: LHB Jesús Tobías 0-0: Ball
1-0: Ground out 3-1 (Groundball, 34S)
Top of the 4th over - 1 run(s), 2 hit(s), 1 error(s), 1 left on base; Springfield 3 - So Cal 1
BOTTOM OF THE 4TH
So Cal Bruins batting - Pitching for Springfield Stars : RHP Claudio Martínez
Batting: RHB Lawrence Schroeder 0-0: Ball
1-0: Called Strike
1-1: Fly out, F7 (Flyball, 7)
Batting: RHB Earl Wiggins 0-0: Ground out 5-3 (Groundball, 5)
Batting: RHB Rubén Calderón 0-0: Called Strike
0-1: Ball
1-1: Fly out, F8 (Flyball, 8LD)
Bottom of the 4th over - 0 run(s), 0 hit(s), 0 error(s), 0 left on base; Springfield 3 - So Cal 1
TOP OF THE 5TH
Springfield Stars batting - Pitching for So Cal Bruins : RHP Juan González
Batting: RHB Norberto Taváres 0-0: Ball
1-0: Foul Ball, location: 2F
1-1: Foul Ball, location: 2F
1-2: Ball
2-2: Ball
3-2: SINGLE (Groundball, 34D)
Batting: LHB Derek Davidson 0-0: Ball
Norberto Taváres is caught stealing 2nd base
1-0: Ball
2-0: Foul Ball, location: 2F
2-1: SINGLE (Groundball, 34D)
Batting: LHB Felipe Guerrero 0-0: Ball
1-0: Foul Ball, location: 2F
1-1: Ball
2-1: Ball
3-1: SINGLE (Line Drive, 34D)
Derek Davidson to second
Batting: LHB Elliott Newell 0-0: Foul Ball, location: 2F
0-1: Fielders Choice at 2nd, 6-4 (Groundball, 6MD)
Derek Davidson to third
Batting: SHB Shane Hutchinson 0-0: Ball
1-0: Foul Ball, location: 2F
1-1: Fly out, F9 (Flyball, 89S)
Top of the 5th over - 0 run(s), 3 hit(s), 0 error(s), 2 left on base; Springfield 3 - So Cal 1
BOTTOM OF THE 5TH
So Cal Bruins batting - Pitching for Springfield Stars : RHP Claudio Martínez
Batting: LHB Kiyonaga Morita 0-0: Fly out, F4 (Line Drive, 4)
Batting: LHB Jeff Carter 0-0: Called Strike
0-1: Ball
1-1: Ball
2-1: Ball
3-1: Swinging Strike
3-2: Foul Ball, location: 2F
3-2: Strikes out looking
Batting: LHB César Valentín 0-0: Ball
1-0: Ball
2-0: Fly out, F7 (Flyball, 7S)
Bottom of the 5th over - 0 run(s), 0 hit(s), 0 error(s), 0 left on base; Springfield 3 - So Cal 1
TOP OF THE 6TH
Springfield Stars batting - Pitching for So Cal Bruins : RHP Juan González
Batting: RHB Calvin Bennett 0-0: Foul Ball, location: 2F
0-1: Called Strike
0-2: Ball
1-2: Foul Ball, location: 2F
1-2: Ball
2-2: Ball
3-2: Ground out 6-3 (Groundball, 6MS)
Batting: LHB Ryan Drake 0-0: Ball
1-0: Called Strike
1-1: Single, Error in OF, E9, batter to second base
Pitching: RHP Flint Gray
Batting: RHB Will Sterling 0-0: Called Strike
0-1: Ball
1-1: Ground out 5-3 (Groundball, 56S)
Ryan Drake to third
Batting: LHB Jesús Tobías 0-0: Ball
1-0: Called Strike
1-1: Ball
2-1: Ball
3-1: Swinging Strike
3-2: Ground out U3 (Groundball, 3L)
Top of the 6th over - 0 run(s), 1 hit(s), 1 error(s), 1 left on base; Springfield 3 - So Cal 1
BOTTOM OF THE 6TH
So Cal Bruins batting - Pitching for Springfield Stars : RHP Claudio Martínez
Batting: RHB Eugene Gill 0-0: Called Strike
0-1: Fly out, F4 (Popup, 4M)
Batting: LHB Phil Smith 0-0: Called Strike
0-1: Ball
1-1: Ball
2-1: SOLO HOME RUN (Flyball, 9LD), Distance : 339 ft
Batting: LHB Jesús Campos 0-0: Ball
1-0: Foul Ball, location: 2F
1-1: Swinging Strike
1-2: Ball
2-2: Ball
3-2: Foul Ball, location: 2F
3-2: Foul Ball, location: 2F
3-2: SOLO HOME RUN (Flyball, 9D), Distance : 352 ft
Batting: RHB Lawrence Schroeder 0-0: Called Strike
0-1: Foul Ball, location: 2F
0-2: Strikes out looking
Batting: RHB Earl Wiggins 0-0: Swinging Strike
0-1: Ground out 4-3 (Groundball, 4)
Bottom of the 6th over - 2 run(s), 2 hit(s), 0 error(s), 0 left on base; Springfield 3 - So Cal 3
TOP OF THE 7TH
Springfield Stars batting - Pitching for So Cal Bruins : RHP Flint Gray
Batting: RHB Norberto Taváres 0-0: Ground out 5-3 (Groundball, 56S)
Batting: LHB Derek Davidson 0-0: Ball
1-0: Ball
2-0: Called Strike
2-1: Ball
3-1: Foul Ball, location: 2F
3-2: Strikes out looking
Batting: LHB Felipe Guerrero 0-0: Ball
1-0: Foul Ball, location: 2F
1-1: Swinging Strike
1-2: Strikes out swinging
Top of the 7th over - 0 run(s), 0 hit(s), 0 error(s), 0 left on base; Springfield 3 - So Cal 3
BOTTOM OF THE 7TH
So Cal Bruins batting - Pitching for Springfield Stars : RHP Claudio Martínez
Batting: RHB Rubén Calderón 0-0: Ball
1-0: Called Strike
1-1: Swinging Strike
1-2: Ball
2-2: Ball
3-2: Ground out 5-3 (Groundball, 56)
Batting: LHB Kiyonaga Morita 0-0: Ball
1-0: Swinging Strike
1-1: SINGLE (Line Drive, 9S)
Batting: LHB Jeff Carter 0-0: Called Strike
0-1: Fly out, F9 (Flyball, 9LSF)
Batting: LHB César Valentín 0-0: Called Strike
0-1: Ball
1-1: Fly out, F8 (Flyball, 8LD)
Bottom of the 7th over - 0 run(s), 1 hit(s), 0 error(s), 1 left on base; Springfield 3 - So Cal 3
TOP OF THE 8TH
Springfield Stars batting - Pitching for So Cal Bruins : RHP Flint Gray
Batting: LHB Elliott Newell 0-0: Ball
1-0: Called Strike
1-1: Foul Ball, location: 2F
1-2: Ball
2-2: Foul Ball, location: 2F
2-2: Fly out, F7 (Flyball, 7LSF)
Batting: SHB Shane Hutchinson 0-0: Ball
1-0: Ball
2-0: Ball
3-0: Base on Balls
Batting: RHB Calvin Bennett 0-0: Called Strike
0-1: Ball
1-1: Ball
2-1: Foul Ball, location: 2F
2-2: Strikes out looking and he ARGUES THE CALL AND IS TOSSED!
Pitching: RHP Jerry Good
Batting: LHB Ryan Drake 0-0: Ball
1-0: Called Strike
1-1: Ball
2-1: Ball
3-1: DOUBLE (Flyball, 9LM)
Shane Hutchinson to third
Runner from 3rd tries for Home, SAFE, no throw
Batting: RHB Will Sterling 0-0: Ball
1-0: Ball
2-0: Called Strike
2-1: Ball
3-1: Base on Balls
Batting: LHB Jesús Tobías 0-0: Called Strike
0-1: Fly out, F3 (Flyball, 3D)
Top of the 8th over - 1 run(s), 1 hit(s), 0 error(s), 2 left on base; Springfield 4 - So Cal 3
BOTTOM OF THE 8TH
So Cal Bruins batting - Pitching for Springfield Stars : RHP Claudio Martínez
Now at C: Rick Ayliffe
Now in CF: Richard Bankhead
Batting: RHB Eugene Gill 0-0: Ground out 6-3 (Groundball, 6M)
Batting: LHB Phil Smith 0-0: Swinging Strike
0-1: Swinging Strike
0-2: Ball
1-2: Foul Ball, location: 2F
1-2: Strikes out looking
Batting: LHB Jesús Campos 0-0: Ball
1-0: Foul Ball, location: 2F
1-1: Swinging Strike
1-2: Ball
2-2: Ground out U3 (Groundball, 3)
Bottom of the 8th over - 0 run(s), 0 hit(s), 0 error(s), 0 left on base; Springfield 4 - So Cal 3
TOP OF THE 9TH
Springfield Stars batting - Pitching for So Cal Bruins : RHP Jerry Good
Batting: RHB Norberto Taváres 0-0: Called Strike
0-1: Ball
1-1: Called Strike
1-2: Foul Ball, location: 2F
1-2: Ball
2-2: Fly out, F7 (Line Drive, 7)
Batting: LHB Derek Davidson 0-0: Called Strike
0-1: Ball
1-1: Fly out, F7 (Flyball, 7LDF)
Batting: LHB Felipe Guerrero 0-0: Ball
1-0: Ball
2-0: Ball
3-0: Called Strike
3-1: Base on Balls
Pitching: LHP Juan Fuentes
Pinch Hitting: RHB Juan Rodríguez 0-0: Ball
1-0: Ball
2-0: Called Strike
2-1: Ball
3-1: Fielders Choice at 2nd, 5-4 (Groundball, 5L)
Top of the 9th over - 0 run(s), 0 hit(s), 0 error(s), 0 left on base; Springfield 4 - So Cal 3
BOTTOM OF THE 9TH
So Cal Bruins batting - Pitching for Springfield Stars : RHP Claudio Martínez
Pitching: RHP José Valdéz
Now at 1B: Juan Rodríguez
Now at 2B: Juan Carlos Rodríguez
Batting: RHB Lawrence Schroeder 0-0: Called Strike
0-1: Ball
1-1: SINGLE (Line Drive, 4D)
Batting: RHB Earl Wiggins 0-0: Ball
1-0: Foul Ball, location: 2F
1-1: Ball
2-1: Ball
3-1: Called Strike
3-2: Strikes out swinging
Batting: RHB Rubén Calderón 0-0: Foul Ball, location: 2F
0-1: Ball
1-1: Swinging Strike
1-2: SINGLE (Line Drive, 5D)
Lawrence Schroeder to second
Batting: LHB Kiyonaga Morita 0-0: Swinging Strike
0-1: Foul Ball, location: 2F
0-2: Foul Ball, location: 2F
0-2: Strikes out swinging
Batting: LHB Jeff Carter 0-0: Ball
1-0: Ball
2-0: Ball
3-0: Called Strike
3-1: 3-RUN HOME RUN (Flyball, 89XD), Distance : 382 ft
Tuesday, August 8th, 2017 - OOTP Baseball 17.12 Build 75